 Dungeon Crawl Stone Soup version 0.29.1-15-g9cfb28693d (webtiles) character file.

Game seed: 7515274076862516143

2733 redmage the Thaumaturge (level 10, -6/59 (69) HPs)
             Began as a Meteoran Earth Elementalist on Sept 7, 2023.
             Was a Follower of Cheibriados.
             Mangled by a wight
             ... wielding a +5 war axe
              (7 damage)
             ... on level 9 of the Dungeon.
             The game lasted 00:22:27 (1754 turns).

redmage the Thaumaturge (MeEE)                      Turns: 1754, Time: 00:22:27

HP:   -6/59 (69)    AC:  6    Str: 13    XL:     10   Next: 19%
MP:   14/23         EV: 12    Int: 22    God:    Cheibriados [*.....]
Gold: 189           SH:  0    Dex: 17    Spells: 11/26 levels left

rFire   + . .      SeeInvis +   l - +8 quarterstaff of Usurping Instant Death {vorpal, Drain rPois rF+ rCorr}
rCold   + . .      Faith    .   (shield currently unavailable)
rNeg    . . .      Spirit   .   q - +2 leather armour {rPois}
rPois   +          Reflect  .   (no helmet)
rElec   .          Harm     .   (no cloak)
rCorr   +          Rampage  .   (no gloves)
Will    +....                   d - +0 pair of boots
Stlth   +.........              (no amulet)
HPRegen 0.19/turn               n - ring of protection from cold
MPRegen 0.18/turn               p - ring of see invisible

@: glowing, heavily drained, very slow
A: sense surroundings 2, otherworldly, glowing, explore regen
a: Renounce Religion, Bend Time


You were on level 9 of the Dungeon.
You worshipped Cheibriados.
Cheibriados was aware of your devotion.
You visited 2 branches of the dungeon, and saw 11 of its levels.

You collected 189 gold pieces.

Inventory:

Hand Weapons
 l - the +8 quarterstaff of Usurping Instant Death (weapon) {vorpal, Drain rPois rF+ rCorr}
   (You found it on level 3 of the Dungeon)

   It inflicts extra damage upon your enemies.
   rF:        It protects you from fire.
   rPois:     It protects you from poison.
   rCorr:     It protects you from acid and corrosion.
   Drain:     It drains your maximum health when unequipped.
Missiles
 t - 5 curare-tipped darts
Armour
 a - a +1 robe
 d - a +0 pair of boots (worn)
 q - a +2 leather armour of poison resistance (worn)
Magical Staves
 r - a staff of fire
Jewellery
 m - a ring of poison resistance
 n - a ring of protection from cold (left hand)
 p - a ring of see invisible (right hand)
Wands
 w - a wand of mindburst (2)
Scrolls
 c - 2 scrolls of teleportation
 e - a scroll of summoning
 f - a scroll of butterflies
 i - a scroll of brand weapon
 s - a scroll of magic mapping
Potions
 b - 2 potions of magic
 g - a potion of resistance
 h - a potion of flight
 j - 6 potions of heal wounds {unknown}
 k - 3 potions of haste {unknown}
 o - a potion of might {unknown}
 u - a potion of mutation {unknown}


   Skills:
 + Level 3.6 Staves
 - Level 2.4 Dodging
 - Level 1.4 Stealth
 + Level 8.8 Spellcasting
 + Level 5.7 Conjurations
 + Level 1.7 Summonings
 - Level 3.0 Translocations
 - Level 1.2 Transmutations
 - Level 5.0 Ice Magic
 - Level 8.3 Earth Magic
 + Level 3.9 Invocations


You had 11 spell levels left.
You knew the following spells:

 Your Spells              Type           Power      Damage    Failure   Level
a - Sandblast             Erth           92%        2d19      1%          1
b - Passwall              Tmut/Erth      25%        N/A       1%          2
c - Stone Arrow           Conj/Erth      80%        3d12      1%          3
d - Frozen Ramparts       Ice            62%        1d10      3%          3
e - Blink                 Tloc           44%        N/A       3%          2
f - Summon Ice Beast      Ice/Summ       24%        N/A       22%         4

Your spell library contained the following spells:

 Spells                   Type           Power      Damage    Failure   Level
 Magic Dart               Conj           100%       1d8       1%          1
 Searing Ray              Conj           70%        2d7       1%          2
 Lesser Beckoning         Tloc           22%        N/A       8%          3
 Petrify                  Tmut/Erth      30%        N/A       12%         4
 Ice Form                 Ice/Tmut       23%        N/A       24%         4
 Fulminant Prism          Conj/Hex       11%        3d9       26%         4
 Manifold Assault         Tloc           22%        N/A       56%         5


Dungeon Overview and Level Annotations

Branches:
Dungeon (10/15) Zot: 6485  Temple (1/1) D:7 Zot: 787
   Lair: D:8-11         Orc: D:9-12

Altars:
Ashenzari
Cheibriados
Dithmenos
Elyvilon
Fedhas
Gozag
Hepliaklqana
Kikubaaqudgha
Makhleb
Nemelex Xobeh
Okawaru
Qazlal
Ru
Sif Muna
Trog
Uskayaw
Vehumet
Wu Jian
Xom
Yredelemnul
Zin
The Shining One

Annotations:
D:8 Erica


Innate Abilities, Weirdness & Mutations

You passively map the area around you.
You are easily found by Zot.
You glow in the dark.
You regain HP and MP as you explore.


Message History

You hit the wight.
The wight is heavily damaged.
The wight hits you with a +1 long sword of freezing!
The wight freezes you. The wight misses you. The wight completely misses you.
Unknown command.
Casting: Stone Arrow (safe; 1% risk of failure)
Confirm with . or Enter, or press ? or * to list all spells.
Aiming: Stone Arrow (safe; 1% risk of failure)
Press: ? - help, Shift-Dir - straight line, f - wight
Aim: a wight, wielding a +1 long sword of freezing and wearing a +0 robe (heavily damaged, 76% to hit)
The stone arrow misses the wight.
The wight hits you but does no damage.
The wight hits you with a +1 long sword of freezing.
You feel drained. The wight completely misses you.
The wight closely misses you.
Casting: Stone Arrow (safe; 1% risk of failure)
Confirm with . or Enter, or press ? or * to list all spells.
Aiming: Stone Arrow (safe; 1% risk of failure)
Press: ? - help, Shift-Dir - straight line, f/p - wight
Aim: a wight, wielding a +1 long sword of freezing and wearing a +0 robe (heavily damaged, 76% to hit)
The stone arrow misses the wight.
The wight closely misses you. The wight barely misses you.
The wight hits you with a +0 long sword.
The wight hits you with a +5 war axe!
Casting: Stone Arrow (safe; 1% risk of failure)
Confirm with . or Enter, or press ? or * to list all spells.
Aiming: Stone Arrow (safe; 1% risk of failure)
Press: ? - help, Shift-Dir - straight line, f/p - wight
Aim: a wight, wielding a +1 long sword of freezing and wearing a +0 robe (heavily damaged, 76% to hit)
The stone arrow hits the wight but does no damage.
The wight is heavily damaged.
The wight hits you with a +0 dagger.
You feel drained.
The wight hits you with a +1 long sword of freezing.
The wight hits you with a +0 long sword!
* * * LOW HITPOINT WARNING * * *
You feel drained.
* * * LOW HITPOINT WARNING * * *
The wight hits you with a +5 war axe!
* * * LOW HITPOINT WARNING * * *
You feel drained.
You die...

, ,,,, ,... ,,
.... . * *
*###########....
..####
...............,,
......
...............
...... ,
..[...........?
...... , ,
.......zz......
...... ,
.......@z......
...... ,
,...<....z......
...... ,
............... ,
......
?..............
...... ,
...............
...... * *
###########....,
,..#### *...., .,
..., * *, , , *


You could see 4 wights.

Vanquished Creatures
  Sigmund (D:3)
  A shadow (D:10)
  2 orc warriors
  2 sky beasts (D:7)
  2 ice beasts
  3 black bears
  An ogre (D:5)
  A kobold brigand (D:6)
  4 bullfrogs
  A gnoll sergeant (D:5)
  A necrophage (D:6)
  A scorpion (D:7)
  2 wights (D:8)
  10 killer bees
  A howler monkey (D:9)
  2 hounds (D:4)
  An iguana (D:4)
  3 orc wizards (D:6)
  The ghost of Sapher the Sneak, a weakling SpDe (D:5)
  8 gnolls
  6 adders
  4 white imps
  A worm (D:5)
  18 orcs
  6 ball pythons
  A bat (D:2)
  3 endoplasms
  3 giant cockroaches
  3 goblins
  A hobgoblin (D:4)
  5 quokkas
  9 kobolds
108 creatures vanquished.

Notes
Turn   | Place    | Note
-------+----------+-------------------------------------------
     0 | D:1      | redmage the Meteoran Earth Elementalist began the quest for
                  | the Orb.
     0 | D:1      | Reached XP level 1. HP: 14/14 MP: 5/5
    19 | D:1      | You fall into a shaft and drop 1 floor!
    26 | D:3      | Noticed Sigmund
   105 | D:2      | Reached XP level 2. HP: 20/20 MP: 5/7
   121 | D:2      | Learned a level 2 spell: Passwall
   288 | D:2      | Reached XP level 3. HP: 26/26 MP: 6/8
   293 | D:2      | Learned a level 3 spell: Stone Arrow
   384 | D:3      | Identified the +8 quarterstaff of Usurping Instant Death
                  | {vorpal, Drain rPois rF+ rCorr}
   488 | D:3      | Killed Sigmund
   489 | D:3      | Reached skill level 5 in Spellcasting
   489 | D:3      | Reached skill level 5 in Earth Magic
   489 | D:3      | Reached XP level 4. HP: 18/33 MP: 1/12
   489 | D:3      | Reached XP level 5. HP: 21/38 MP: 1/13
   489 | D:3      | Reached XP level 6. HP: 25/45 MP: 1/15
   562 | D:4      | Reached XP level 7. HP: 50/50 MP: 12/17
   566 | D:5      | Entered Level 5 of the Dungeon
   598 | D:5      | Learned a level 3 spell: Frozen Ramparts
   608 | D:5      | Reached skill level 1 in Ice Magic
   611 | D:5      | Reached skill level 1 in Conjurations
   721 | D:5      | Found a runed translucent door.
   726 | D:5      | Noticed Sapher's ghost (weakling SpDe)
   733 | D:5      | Killed Sapher's ghost
   841 | D:5      | Reached XP level 8. HP: 57/57 MP: 9/19
  1083 | D:6      | Found a basalt altar of Yredelemnul.
  1166 | D:6      | Gained mutation: You passively map the area around you.
                  | [Meteoran growth]
  1166 | D:6      | Reached XP level 9. HP: 56/62 MP: 12/21
  1238 | D:7      | Reached skill level 5 in Ice Magic
  1254 | D:7      | Found a staircase to the Ecumenical Temple.
  1264 | Temple   | Entered the Ecumenical Temple
  1268 | Temple   | Learned a level 2 spell: Blink
  1315 | Temple   | Became a worshipper of Cheibriados the Contemplative
  1368 | D:7      | Reached skill level 1 in Invocations
  1385 | D:8      | Noticed Erica
  1420 | D:7      | Reached skill level 1 in Staves
  1420 | D:7      | Reached skill level 1 in Translocations
  1481 | D:7      | Found a shimmering blue altar of Sif Muna.
  1482 | D:7      | Found a sacrificial altar of Ru.
  1483 | D:7      | Found a hide-covered altar of Uskayaw.
  1483 | D:7      | Found a blossoming altar of Fedhas.
  1534 | D:7      | Reached skill level 5 in Conjurations
  1588 | D:7      | Reached * piety under Cheibriados
  1660 | D:8      | Reached XP level 10. HP: 69/69 MP: 16/23
  1665 | D:8      | Learned a level 4 spell: Summon Ice Beast
  1695 | D:9      | Reached skill level 1 in Summonings
  1732 | D:10     | Entered Level 10 of the Dungeon
  1754 | D:9      | HP: 1/62 [wight/+5 war axe (15)]
  1754 | D:9      | Mangled by a wight

Illustrated notes

Levels and vault maps discovered:
D:1:      dpeg_arrival_subterranean_lakeside_camping, layout_loops_ring,
          minmay_misc_feat_iff, amcnicky_mini_pool_small,
          minmay_worlds_worst_comb
D:2:      layout_basic, shapermc_ecumenical_altar_mp_vishouse,
          lightli_corner_chamber
D:3:      layout_loops_cross, corexii_corridor_pit, uniq_terence, uniq_sigmund
D:4:      minmay_octagon_keep, layout_loops_ring, grunt_ministairs_7,
          minmay_misc_feat_more_columns, minmay_manual_mail
D:5:      layout_basic, ebering_ghost_reflecting_pool, enter_ossuary_2,
          minmay_misc_feat_cross, hangedman_decor_diamond_cutter
D:6:      cheibrodos_barr_body, layout_cave_pools, yredelemnul_altar_generic,
          chequers_decorated_corner, kennysheep_generic_room_13
D:7:      layout_basic, mainiacjoe_overflow_alcove_3,
          minmay_temple_entry_offerings, serial_glass, glass_columns_a,
          glass_columns_c
D:8:      layout_gridville, kennysheep_just_a_vault, uniq_erica, uniq_maurice
D:9:      layout_cross
D:10:     layout_layer_cave
Temple:   nicolae_temple_bog_church

Skill      XL: |  1  2  3  4  5  6  7  8  9 10 |
---------------+-------------------------------+-----
Spellcasting   | 3 5 6 7 8 |  8.8
Earth Magic    | 4 5 6 7 8 |  8.3
Ice Magic      | 2 4 5 |  5.0
Conjurations   | 1 3 5 |  5.7
Invocations    | 3 |  3.9
Staves         | 2 3 |  3.6
Translocations | 3 |  3.0
Summonings     | 1 |  1.7
Dodging        | |  2.4
Stealth        | |  1.4
Transmutations | |  1.2

Action                   |  1- 3 |  4- 6 |  7- 9 | 10-12 || total
-------------------------+-------+-------+-------+-------++-------
Melee: Quarterstaff      |       |     1 |    10 |     1 ||    12
 Cast: Sandblast         |    29 |    10 |    73 |     4 ||   116
       Passwall          |     3 |       |     7 |       ||    10
       Stone Arrow       |     2 |     2 |    36 |    12 ||    52
  Use: Scroll            |       |     5 |     5 |     1 ||    11
Armor: Robe              |     2 |       |     1 |       ||     3
       Leather armour    |       |       |     9 |     1 ||    10
Dodge: Dodged            |    10 |     4 |    28 |     7 ||    49
